Map: Ascension to Aiur LE

Players

AiLillekanin (Lillekanin)

  • Race: Terran Terran
  • League: Master
  • Spawn Location: 11:00

liquidthermy (uThermal) - Winner!

  • Race: Terran Terran
  • League: Grandmaster
  • Spawn Location: 5:00

Event: WESG Barcelona European Finals 2017

VOD

Have the link to the VOD?

Description

Time

  • Played on: Nov. 23, 2017, 11:15 a.m.
  • Length: 13:33

All games in this series

Show
View Real Time Build Order
Export as new Build Order

AiLillekanin Terran 

Build Orders: Gas First Reaper Expand, Reaper Expand, Mech 

Get SALT Encoding   

  12  0:00  SCV  
  13  0:12  SCV  
  14  0:18  Supply Depot  
  14  0:25  SCV  
  15  0:30  Refinery  
  15  0:39  SCV  
  16  0:45  Barracks  
  16  0:51  SCV  
  17  1:04  SCV  
  18  1:16  SCV  
  19  1:32  Reaper  
  21  1:33  Orbital Command  
  20  1:51  Command Center  
  20  1:59  SCV  
  21  2:04  Factory  
  21  2:07  Barracks Reactor  
  21  2:15  SCV, Refinery  
  21  2:22  Supply Depot  
  22  2:29  SCV  
  22  2:41  SCV  
  23  2:52  Starport  
  23  2:53  SCV  
  23  2:58  Hellion  
  25  2:59  Hellion  
  27  3:05  SCV  
  26  3:17  Barracks Tech Lab  
  26  3:18  SCV  
  27  3:26  Hellion  
  29  3:30  SCV  
  29  3:31  Viking  
  29  3:34  Orbital Command  
  32  3:42  SCV  
  32  3:45  Cyclone  
  36  3:54  SCV  
  36  3:55  Supply Depot  
  37  4:05  SCV  
  37  4:06  SCV  
  39  4:11  Raven  
  41  4:17  SCV  
  41  4:18  SCV  
  43  4:27  Supply Depot, Hellion  
  43  4:28  Hellion  
  43  4:30  SCV x2  
  49  4:42  SCV x2  
  47  4:54  SCV x2, Supply Depot  
  49  5:02  Viking x2, Siege Tank  
  49  5:06  SCV x2  
  58  5:07  Refinery  
  58  5:15  Factory  
  58  5:18  SCV  
  58  5:19  SCV, Supply Depot  
  58  5:20  Barracks Reactor  
  58  5:30  SCV  
  58  5:31  SCV  
  60  5:38  Command Center  
  60  5:40  Supply Depot  
  60  5:42  SCV  
  61  5:43  SCV  
  61  5:44  Refinery  
  61  5:45  Viking  
  63  5:54  SCV  
  62  6:00  SCV  
  61  6:11  SCV  
  61  6:12  SCV  
  62  6:18  Engineering Bay  
  62  6:23  SCV  
  62  6:24  SCV  
  62  6:31  Siege Tank  
  64  6:35  SCV, Supply Depot  
  64  6:36  SCV  
  64  6:37  Hellion x2  
  70  6:47  SCV  
  70  6:48  SCV  
  70  6:50  Factory  
  72  6:58  Missile Turret  
  72  6:59  SCV  
  72  7:00  SCV  
  74  7:01  Orbital Command  
  74  7:07  Viking  
  76  7:11  SCV  
  76  7:12  SCV  
  76  7:16  Siege Tank  
  76  7:20  Hellion  
  79  7:23  SCV  
  79  7:24  Liberator x2  
  79  7:25  SCV  
  79  7:28  Armory  
  81  7:39  Factory Tech Lab  
  87  7:45  Hellion x2  
  87  7:46  Orbital Command  
  87  7:48  SCV  
  87  7:50  SCV  
  93  8:00  SCV  
  93  8:03  Siege Tank x2  
  93  8:04  SCV  
  101  8:12  SCV  
  102  8:13  SCV  
  102  8:14  Armory  
  102  8:16  SCV  
  104  8:22  Hellion x2  
  104  8:24  SCV  
  109  8:48  Hellion  
  109  8:49  Siege Tank  
  109  8:51  SCV x2, Hellion  
  108  8:58  Hellion  
  108  9:02  Liberator x2  
  108  9:03  SCV  
  109  9:12  Missile Turret  
  109  9:13  Missile Turret  
  108  9:17  Supply Depot  
  108  9:20  Siege Tank  
  117  9:31  Orbital Command  
  116  9:37  Supply Depot  
  116  9:38  Supply Depot, Terran Vehicle And Ship Armor Level 1, Terran Vehicle Weapons Level 1  
  116  9:39  Hellion x2, Siege Tank  
  123  9:49  SCV  
  123  9:52  Siege Tank  
  124  9:59  Liberator  
  114  10:01  Hellion  
  106  10:11  Hellion, Siege Tank  
  111  10:21  SCV x2  
  111  10:24  Siege Tank  
  111  10:27  SCV, Missile Turret  
  117  10:32  Refinery x2  
  117  10:33  SCV  
  118  10:36  Infernal Pre-Igniter  
  118  10:38  SCV  
  119  10:43  Siege Tank  
  119  10:47  Missile Turret  
  119  10:48  Missile Turret  
  122  10:53  Missile Turret, Viking  
  122  10:54  Missile Turret  
  124  10:59  Barracks Tech Lab  
  124  11:02  Factory  
  124  11:03  Factory  
  120  11:04  SCV  
  120  11:09  SCV  
  120  11:24  Command Center  
  120  11:26  Siege Tank  
  120  11:28  Viking  
  120  11:29  Viking  
  120  11:32  Orbital Command  
  127  11:33  Siege Tank  
  127  11:34  Hellion x2  
  113  11:50  Hellion x3  
  107  12:03  Hellion x2, Siege Tank  
  107  12:04  SCV, Factory Tech Lab  
  107  12:07  SCV  
  116  12:14  SCV  
  117  12:16  SCV  
  116  12:30  Hellion x3  
  116  12:31  Hellion  
  116  12:36  Hellion  
  126  12:41  Viking x2  
  127  12:49  Siege Tank  
  123  12:53  Hellion  
  123  12:57  Hellion  
  99  13:17  SCV  
Show
View Real Time Build Order
Export as new Build Order

liquidthermy Terran - Winner!

Build Orders: Gas First Reaper Expand, Reaper Expand, MMM Bio, Banshee Rush 

Get SALT Encoding   

  12  0:01  SCV  
  13  0:14  SCV  
  14  0:17  Supply Depot  
  14  0:26  SCV  
  14  0:27  Refinery  
  15  0:38  SCV  
  16  0:44  Barracks  
  16  0:50  SCV  
  17  1:03  SCV  
  18  1:15  SCV  
  19  1:32  Reaper, Orbital Command  
  20  1:50  Command Center  
  20  1:59  SCV  
  21  2:03  Factory  
  21  2:05  Reaper  
  22  2:14  Supply Depot  
  22  2:17  Refinery  
  22  2:19  SCV  
  23  2:36  SCV  
  24  2:43  Bunker  
  24  2:47  Hellion  
  24  2:48  Barracks Tech Lab  
  24  2:50  SCV, Starport  
  26  3:03  SCV, Orbital Command  
  27  3:12  Hellion  
  29  3:15  SCV  
  30  3:29  SCV x2  
  30  3:33  Hellion  
  30  3:34  Cloaking Field  
  34  3:41  SCV x2  
  35  3:42  Banshee  
  39  3:53  SCV x2  
  39  3:54  Barracks Reactor  
  41  4:00  Supply Depot  
  41  4:05  SCV x2  
  43  4:10  Cyclone  
  43  4:14  Engineering Bay  
  43  4:15  Refinery  
  46  4:22  SCV x2  
  48  4:24  Supply Depot  
  48  4:28  Banshee  
  51  4:32  Marine x2  
  51  4:33  Supply Depot  
  51  4:34  SCV  
  54  4:42  Missile Turret x2  
  54  4:44  Factory Tech Lab  
  54  4:46  SCV x2  
  54  4:49  Marine  
  54  4:50  Marine  
  58  4:58  SCV x2, Terran Infantry Weapons Level 1  
  60  5:06  Siege Tank  
  63  5:10  SCV x2, Supply Depot  
  65  5:19  Barracks  
  65  5:20  Marine, Barracks  
  66  5:21  Starport Reactor  
  66  5:22  SCV x2  
  66  5:24  Stimpack  
  66  5:27  Supply Depot  
  66  5:34  SCV x2, Bunker  
  68  5:38  Siege Tank  
  68  5:41  Marine  
  72  5:46  SCV, Supply Depot, Refinery  
  72  5:48  SCV  
  74  5:58  SCV, Marine  
  76  6:07  Starport Reactor  
  76  6:11  Marine  
  76  6:12  SCV, Marine  
  76  6:17  Marine  
  80  6:18  Marine  
  80  6:19  Marine, Siege Tank  
  80  6:23  Command Center  
  85  6:29  Marine x2  
  85  6:31  SCV  
  85  6:32  Barracks x2  
  85  6:35  Marine  
  85  6:36  Marine  
  85  6:37  SCV, Marine  
  89  6:44  Medivac  
  89  6:45  Medivac  
  90  6:47  Marine  
  90  6:49  Supply Depot  
  90  6:51  Supply Depot  
  90  6:53  Siege Tank  
  94  6:57  Terran Infantry Armor Level 1  
  94  7:03  Marine x2  
  94  7:10  Marine x3  
  94  7:14  Medivac  
  98  7:15  Medivac  
  98  7:20  Marine x2  
  98  7:21  SCV x2  
  98  7:22  Barracks Tech Lab, Barracks Reactor  
  104  7:24  Combat Shields  
  104  7:27  Supply Depot  
  104  7:28  Marine x3  
  104  7:29  Siege Tank  
  108  7:36  Orbital Command  
  108  7:37  SCV  
  108  7:38  SCV, Marine x2  
  108  7:42  Marine  
  108  7:44  Concussive Shells  
  113  7:46  Supply Depot  
  113  7:49  SCV  
  113  7:50  SCV  
  115  7:52  Marine x3  
  118  7:59  Armory  
  118  8:00  Engineering Bay, Marauder  
  118  8:01  SCV  
  118  8:02  SCV  
  118  8:03  Marine  
  123  8:09  Supply Depot  
  123  8:10  Supply Depot  
  123  8:11  Marine  
  123  8:12  Marine  
  125  8:13  SCV  
  125  8:16  Medivac  
  125  8:19  Medivac  
  129  8:21  SCV x2  
  129  8:24  Refinery  
  129  8:25  Refinery  
  131  8:28  Marine  
  131  8:29  Supply Depot  
  131  8:30  Marine x2  
  131  8:32  SCV  
  131  8:33  SCV x2  
  136  8:39  Marine x2  
  139  8:43  Supply Depot  
  139  8:44  SCV  
  139  8:45  SCV x2  
  139  8:46  Medivac  
  137  8:56  SCV  
  137  8:57  SCV  
  137  8:58  Marine, Marauder  
  137  9:01  Medivac  
  144  9:08  Terran Infantry Weapons Level 2  
  144  9:09  Starport  
  144  9:11  Fusion Core  
  144  9:12  Marine  
  144  9:13  Marauder  
  144  9:14  Marine  
  144  9:16  Command Center  
  148  9:20  Marauder, Liberator  
  148  9:21  Terran Infantry Armor Level 2  
  148  9:22  Terran Vehicle Weapons Level 1  
  148  9:23  Supply Depot  
  150  9:31  Marine, Liberator  
  149  9:34  Marauder  
  149  9:35  Marine x2  
  156  9:40  Marine  
  156  9:41  Supply Depot, Marauder  
  159  9:48  Starport Tech Lab  
  161  9:55  Marauder  
  152  10:02  Liberator  
  152  10:05  Marine  
  136  10:09  Marine x2, Marauder  
  136  10:12  Marine  
  125  10:16  Advanced Ballistics  
  125  10:17  Marauder  
  125  10:18  Marine x2  
  125  10:19  Liberator  
  132  10:22  Liberator  
  132  10:23  Marine  
  133  10:30  Orbital Command  
  133  10:31  Marauder  
  133  10:34  Command Center  
  135  10:42  Marine  
  144  10:43  Marauder  
  144  10:45  Command Center  
  144  10:46  Marine x2  
  144  10:47  Liberator  
  144  10:49  Marine  
  146  10:50  Marine  
  146  10:52  Marauder  
  150  10:58  SCV  
  150  10:59  SCV x3  
  150  11:02  Liberator  
  159  11:04  Marauder, Liberator  
  159  11:10  Marine  
  159  11:11  Marine x2  
  162  11:12  Marine x2  
  162  11:14  Marine, Marauder  
  175  11:25  Marauder  
  175  11:28  Marine x2  
  175  11:29  Marine, Liberator  
  175  11:35  Marauder  
  167  11:40  Marine  
  167  11:44  Liberator  
  171  11:47  Marine x2, Marauder, Liberator  
  171  11:51  Marine  
  158  11:56  Marine, Marauder  
  158  11:57  Marine  
  158  11:59  Orbital Command  
  158  12:00  Marine  
  160  12:05  Orbital Command  
  160  12:06  Marine x2  
  160  12:07  Barracks  
  160  12:08  Barracks x2, Marauder  
  167  12:15  Siege Tank  
  170  12:16  Marine  
  170  12:18  Marauder  
  170  12:20  Marine  
  174  12:27  Marine  
  174  12:28  Marine  
  174  12:29  Medivac, Marauder  
  180  12:30  Marine  
  180  12:34  Marine  
  182  12:38  Marine  
  182  12:39  Marine, Marauder  
  186  12:44  Medivac  
  186  12:47  Medivac  
  186  12:48  Marine  
  186  12:51  Marauder  
  193  12:52  Marine x2  
  193  12:55  Marine  
  190  12:59  Medivac, Marine  
  190  13:00  Marauder  
  182  13:11  Marine  
  182  13:12  Marine  
  178  13:21  Barracks Tech Lab x2, Barracks Reactor  
Tags
 
Add a new tag
Caveats
  • Supply blocks, unpowered buildings, or Contaminate may cause inaccurate times.
  • Supply counts are checked every 10 seconds.